 Dungeon Crawl Stone Soup version 0.18.1-50-g88ac8fd (webtiles) character file.

546 Kirk the Chiller (level 7, -8/41 HPs)
             Began as an Octopode Ice Elementalist on Oct 3, 2016.
             Was an Initiate of Vehumet.
             Killed by nerve-wracking pain
             ... invoked by a shadow imp
              (14 damage)
             ... on level 6 of the Dungeon.
             The game lasted 00:15:28 (5211 turns).

Kirk the Chiller (Octopode Ice Elementalist)        Turns: 5211, Time: 00:15:28

Health: -8/41      AC:  1    Str:  7      XL:     7   Next: 28%
Magic:  8/14       EV: 12    Int: 19      God:    Vehumet [......]
Gold:   263        SH:  5    Dex: 12 (13) Spells: 3 memorised, 10 levels left

rFire  . . .     SeeInvis .     e - -3 dagger (curse)
rCold  . . .     Gourm    .     t - +1 buckler
rNeg   . . .     Faith    .     (helmet restricted)
rPois  .         Spirit   .     (no amulet)
rElec  .         Dismiss  .     (no ring)
rCorr  .         Reflect  .     (no ring)
SustAt .         Harm     .     (no ring)
MR     .....                    (no ring)
Stlth  +++.......               (no ring)
                                (no ring)
                                (no ring)
                                (no ring)

@: not resistant to hostile enchantments, fairly stealthy
A: almost no armour, amphibious, 8 rings, constrict 8, tentacle spike 1,
camouflage 1, blurry vision 1, deterioration 1, gelatinous body 1
a: Renounce Religion


You were on level 6 of the Dungeon.
You worshipped Vehumet.
Vehumet was noncommittal.
You were hungry.

You visited 2 branches of the dungeon, and saw 7 of its levels.

You collected 263 gold pieces.

Inventory:

Hand Weapons
 c - a cursed -2 war axe
 e - a cursed -3 dagger (weapon)
 j - a cursed -2 dagger
Missiles
 d - 52 poisoned needles
 l - a throwing net (quivered)
 q - 6 needles of frenzy
Armour
 t - a +1 buckler (worn)
Potions
 f - 2 potions of flight
Books
 a - a book of Frost

   Spells                             Type                      Level
   a - Freeze                         Ice                          1
   b - Throw Frost                    Conjuration/Ice              2
   c - Ozocubu's Armour               Charms/Ice                   3
   d - Throw Icicle                   Conjuration/Ice              4
   e - Summon Ice Beast               Ice/Summoning                4
Comestibles
 b - 4 bread rations
 g - a chunk of flesh
 i - 4 meat rations
 k - a beef jerky
 m - 2 slices of pizza
 p - 2 fruits


   Skills:
 - Level 2.0 Dodging
 - Level 2.6 Stealth
 * Level 1.7 Shields
 + Level 5.1 Spellcasting
 + Level 1.2 Conjurations
 + Level 5.7 Ice Magic


You had 10 spell levels left.
You knew the following spells:

 Your Spells              Type           Power        Failure   Level  Hunger
a - Freeze                Ice            ####         1%          1    None
b - Throw Frost           Conj/Ice       ###...       8%          2    #......
c - Ozocubu's Armour      Chrm/Ice       ###.....     17%         3    ##.....


Dungeon Overview and Level Annotations

Branches:
Dungeon (6/15)             Temple (1/1) D:4

Altars:
Ashenzari
Cheibriados
Elyvilon
Fedhas
Gozag
Kikubaaqudgha
Makhleb
Nemelex Xobeh
Okawaru
Pakellas
Qazlal
Ru
Sif Muna
Vehumet
Xom
Yredelemnul
The Shining One

Shops:
D:4 :

Annotations:
D:2 Sigmund
D:5 Blork the orc


Innate Abilities, Weirdness & Mutations

You cannot wear most types of armour.
You are amphibious.
You can wear up to eight rings at the same time.
You can use your tentacles to constrict eight enemies at once.
Your skin changes colour to match your surroundings (Stealth).
Your rubbery body absorbs attacks (AC +1).
One of your tentacles bears a spike.
Scrolls take you a little longer to read.
Your body sometimes deteriorates upon taking damage.


Message History

The shadow imp barely misses you.
You hit the shadow imp but do no damage.
Your grab misses the shadow imp.
You pierce the shadow imp, but do no damage.
The shadow imp is moderately wounded.
The shadow imp hits you.
* * * LOW HITPOINT WARNING * * *
You hit the shadow imp but do no damage.
Your grab misses the shadow imp.
The shadow imp is moderately wounded.
You block the shadow imp's attack.
You hit the shadow imp. You grab the shadow imp.
The shadow imp is heavily wounded.
You constrict the shadow imp, but do no damage.
The shadow imp gestures at you. Pain shoots through your body!
* * * LOW HITPOINT WARNING * * *
The shadow imp gestures at you. Pain shoots through your body!
You die...

####.# .<..#####
.......#### ##...
.....# #...##...#.#
##.#.#.......##
###.##.#..†......
#........@>....#
#.#.##.#.5...#.#
###.###.##.#.#.##.##
...............# ##
#.####>####......
#.# #.#.### #.#
#.#.# #.# ##.#.#
#.###....#


You could see a shadow imp.

Vanquished Creatures
  A centaur (D:5)
  A scorpion (D:6)
  2 hounds
  A giant frog skeleton (D:4)
  2 orc priests (D:4)
  Jessica (D:2)
  3 orc wizards (D:4)
  2 worker ants (D:4)
  4 adders
  An adder skeleton (D:4)
  2 worms
  A dart slug (D:4)
  3 giant geckos
  11 orcs
  7 giant cockroaches
  4 goblins
  4 hobgoblins
  3 jackals (D:6)
  A quokka (D:3)
  2 bats
  A giant newt (D:2)
  3 kobolds
  5 rats
65 creatures vanquished.

Notes
Turn   | Place    | Note
--------------------------------------------------------------
     0 | D:1      | Kirk the Octopode Ice Elementalist began the quest for the Orb.
     0 | D:1      | Reached XP level 1. HP: 11/11 MP: 3/3
   714 | D:2      | Found an oddly glowing altar of Pakellas.
   718 | D:2      | Reached XP level 2. HP: 10/17 MP: 0/5
  1059 | D:2      | Noticed Jessica
  1119 | D:2      | Reached XP level 3. HP: 13/21 MP: 2/6
  1214 | D:2      | Killed Jessica
  1214 | D:2      | Reached XP level 4. HP: 22/27 MP: 5/8
  1342 | D:2      | Found a snail-covered altar of Cheibriados.
  1342 | D:2      | Noticed Sigmund
  2763 | D:4      | Reached XP level 5. HP: 22/31 MP: 4/10
  2963 | D:4      | Found a shimmering altar of Xom.
  2964 | D:4      | Found a sacrificial altar of Ru.
  3175 | D:4      | Found Eckeuni Lac's Book Shoppe.
  3205 | D:4      | Reached skill level 5 in Ice Magic
  3205 | D:4      | Reached XP level 6. HP: 9/36 MP: 3/12
  3589 | D:4      | Found a staircase to the Ecumenical Temple.
  3603 | Temple   | Entered the Ecumenical Temple
  3713 | Temple   | Learned a level 2 spell: Throw Frost
  3818 | D:4      | Noticed a phantom
  3970 | D:5      | Entered Level 5 of the Dungeon
  3970 | D:5      | Noticed Blork the orc
  4267 | D:5      | Found a burning altar of Makhleb.
  4269 | D:5      | Found a basalt altar of Yredelemnul.
  4269 | D:5      | Found a deep blue altar of Sif Muna.
  4270 | D:5      | Found a stormy altar of Qazlal.
  4272 | D:5      | Found a radiant altar of Vehumet.
  4303 | D:5      | Became a worshipper of Vehumet
  4732 | D:4      | Learned a level 3 spell: Ozocubu's Armour
  4826 | D:4      | Reached skill level 1 in Shields
  4906 | D:4      | Gained mutation: Scrolls take you a little longer to read. [potion of mutation]
  4906 | D:4      | Gained mutation: Your body sometimes deteriorates upon taking damage. [potion of mutation]
  4906 | D:4      | Gained mutation: One of your tentacles bears a spike. [potion of mutation]
  4915 | D:4      | Reached XP level 7. HP: 11/41 MP: 0/14
  5123 | D:6      | Reached skill level 5 in Spellcasting
  5211 | D:6      | Killed from afar by a shadow imp

Skill      XL: |  1  2  3  4  5  6  7 |
---------------+----------------------+-----
Ice Magic      | 4 5 |  5.7
Spellcasting   | 3 4 5 |  5.1
Shields        | 1 |  1.7
Dodging        | |  2.0
Stealth        | |  2.6
Conjurations   | |  1.2

Action                   |  1- 3 |  4- 6 |  7- 9 || total
-------------------------+-------+-------+-------++-------
Melee: Unarmed           |    12 |       |       ||    12
       Constrict         |     6 |    10 |     2 ||    18
       Dagger            |     7 |    37 |    12 ||    56
       Tentacles         |     2 |     5 |       ||     7
       Kick              |       |     1 |     3 ||     4
 Cast: Freeze            |    22 |    75 |    14 ||   111
       Throw Frost       |       |    11 |     3 ||    14
  Use: Scroll            |     2 |     5 |     1 ||     8
       Potion            |       |     4 |     3 ||     7
 Stab: Sleeping          |     3 |     2 |       ||     5
  Eat: Chunk             |       |     8 |       ||     8
       Meat ration       |       |     1 |       ||     1
Armor: Skin              |     3 |    13 |     2 ||    18
Dodge: Dodged            |    18 |    51 |     9 ||    78
Block: Buckler           |       |       |     7 ||     7
